Map: El Dorado

Players

wootwoot - Winner!

  • Race: Protoss Protoss
  • League: Bronze
  • Spawn Location: 5:00

LoopyDuck

  • Race: Protoss Protoss
  • Spawn Location: 7:00

VOD

Have the link to the VOD?

Description

Time

  • Played on: April 1, 2025, 3:04 p.m.
  • Length: 3:43
Show
View Real Time Build Order
Export as new Build Order

wootwoot Protoss - Winner!

Build Orders:  

Get SALT Encoding   

  12  0:00  Probe  
  13  0:12  Probe  
  14  0:19  Pylon  
  14  0:24  Probe  
  15  0:37  Gateway  
  15  0:42  Assimilator  
  15  0:50  Pylon  
  15  1:09  Gateway  
  15  1:16  Gateway  
  15  1:30  Cybernetics Core  
  15  1:35  Probe  
  16  1:47  Probe  
  16  1:52  Warp Gate  
  17  1:55  Stalker x2  
  21  2:12  Probe  
  22  2:20  Stalker  
  24  2:35  Stalker  
  24  2:39  Probe  
  27  2:51  Probe  
  28  2:52  Pylon  
  28  2:54  Stalker  
  32  3:22  Gateway  
  32  3:26  Pylon  
  32  3:30  Probe  
Show
View Real Time Build Order
Export as new Build Order

LoopyDuck Protoss 

Build Orders:  

Get SALT Encoding   

  12  0:03  Probe  
  13  0:15  Probe  
  14  0:27  Probe  
  15  0:32  Pylon  
  15  0:43  Pylon  
  15  0:54  Probe  
  15  0:56  Pylon  
  16  1:06  Probe  
  16  1:07  Gateway  
  17  1:18  Forge  
  17  1:28  Assimilator  
  17  1:33  Assimilator  
  17  1:47  Gateway  
  17  1:57  Zealot, Gateway  
  19  2:03  Pylon  
  19  2:21  Probe  
  19  2:29  Probe  
  20  2:38  Zealot, Probe  
  20  2:39  Zealot  
  25  2:50  Probe, Photon Cannon  
  26  3:02  Probe  
  27  3:09  Pylon  
  25  3:30  Gateway  
Tags
 
League
Bronze
Matchup
PvP
Replay Pack
B2M-Replays
Spawn Locations
Close Positions
Add a new tag
Caveats
  • Supply blocks, unpowered buildings, or Contaminate may cause inaccurate times.
  • Supply counts are checked every 10 seconds.